AoeStats
← jeffhua1123586

Highland

504014364Analyzed
4v4 RM · 27d ago on Sep 3, 2026· 35m 44s· 8 players
Game mode
Random Map
Map size
Large (8 player)
Population
200
Speed
Normal
Resources
Standard
Victory
Conquest
Starting age
Dark Age
Ending age
Imperial Age
RankedLock teamsTeams togetherTeam positionsShared explorationLock speedFull tech treeHidden civsTurbo modeCheats
Victory
Defeat
🇨🇳 Cumans · China
942
+15
🇨🇳 Franks · China
939
+15
🇨🇳 Persians · China
909
+16
🇨🇳 Goths · China
884
+17
🇹🇼 Gurjaras · Taiwan
948
-17
🇨🇳 Huns · China
920
-16
🇺🇸 Britons · United States
908
-45
🇹🇼 Georgians · Taiwan
885
-14
schmilkers
9:36 Feudal Age
15:45 Castle Age
14:42 Double-Bit Axe
14:40 Horse Collar
26:19 Wheelbarrow
25:31 Loom
25:56 Heavy Plow
25:48 Pikeman
27:45 Bow Saw
28:32 Fletching
30:03 Elite Skirmisher
31:14 Squires
32:40 Bodkin Arrow
33:37 Man-at-Arms
34:42 Hand Cart
34:16 Town Watch
jeffhua1123586
0:41 Loom
12:33 Feudal Age
14:13 Wheelbarrow
13:41 Double-Bit Axe
17:52 Castle Age
16:10 Horse Collar
16:23 Gold Mining
19:42 Hand Cart
19:32 Heavy Plow
26:59 Stone Mining
27:45 Gold Shaft Mining
27:23 Bow Saw
29:05 Forging
29:01 Scale Barding Armor
30:36 Stone Shaft Mining
George
10:12 Feudal Age
10:13 Loom
13:49 Double-Bit Axe
18:04 Gold Mining
18:44 Scale Barding Armor
可可
0:27 Loom
15:15 Feudal Age
21:38 Castle Age
MIN
12:03 Feudal Age
16:29 Castle Age
14:40 Double-Bit Axe
18:24 Forging
21:27 Scale Barding Armor
25:14 Wheelbarrow
27:06 Hand Cart
29:29 Iron Casting
32:41 Imperial Age
32:30 Husbandry
33:33 Chain Barding Armor
32:51 Cavalier
34:39 Blast Furnace
33:35 Gold Mining
35:21 Plate Barding Armor
hh29
0:37 Loom
16:10 Feudal Age
最长一枪
0:27 Loom
11:19 Feudal Age
13:02 Man-at-Arms
22:28 Castle Age
21:38 Forging
22:24 Scale Mail Armor
23:03 Long Swordsman
23:53 Horse Collar
25:14 Squires
29:12 Double-Bit Axe
31:04 Wheelbarrow
34:55 Iron Casting
34:36 Chain Mail Armor
hondayu
11:30 Feudal Age
16:33 Castle Age
15:25 Scale Barding Armor
16:00 Bloodlines
15:58 Horse Collar
17:04 Husbandry
19:58 Horse Collar
23:49 Forging
25:24 Chain Barding Armor
27:30 Iron Casting
27:34 Heavy Plow
27:22 Double-Bit Axe
29:45 Wheelbarrow
30:34 Fletching
31:20 Bow Saw
36:06 Imperial Age
34:32 Bodkin Arrow
34:33 Gold Mining
34:40 Stone Mining
Connection lost

Rejoining the realm…

Still unreachable

The connection could not be restored.

Session expired

The server has moved on; the page needs a fresh start.